Map: Beckett Industries LE

Players

ZEN

  • Race: Protoss Protoss
  • League: Gold

Magpie - Winner!

  • Race: Terran Terran
  • League: Bronze

VOD

Have the link to the VOD?

Description

Time

  • Played on: Nov. 26, 2021, 7:14 p.m.
  • Length: 12:24
Show
View Real Time Build Order
Export as new Build Order

ZEN Protoss 

Build Orders:  

Get SALT Encoding   

  12  0:01  Probe  
  13  0:20  Pylon  
  13  0:29  Probe (Chrono Boost)  
  14  0:40  Probe (Chrono Boost)  
  15  0:44  Probe (Chrono Boost)  
  15  0:47  Forge  
  16  0:56  Probe  
  17  1:03  Pylon  
  17  1:08  Probe  
  18  1:23  Gateway  
  18  1:28  Photon Cannon  
  18  1:40  Photon Cannon  
  18  1:49  Pylon  
  18  1:54  Pylon  
  17  2:04  Photon Cannon  
  17  2:12  Zealot  
  19  2:47  Photon Cannon  
  19  3:00  Photon Cannon  
  17  3:15  Zealot  
  19  3:30  Photon Cannon  
  19  3:39  Cybernetics Core  
  19  3:42  Zealot  
  19  3:47  Photon Cannon  
  21  4:09  Zealot, Photon Cannon  
  23  4:14  Photon Cannon  
  23  4:17  Shield Battery  
  21  4:28  Photon Cannon  
  19  4:36  Zealot  
  19  5:03  Zealot  
  21  5:12  Nexus  
  20  5:30  Zealot  
  22  5:36  Assimilator  
  22  5:38  Assimilator  
  22  5:43  Shield Battery  
  22  5:44  Shield Battery  
  22  5:47  Pylon  
  22  5:58  Zealot  
  22  6:00  Probe  
  19  6:12  Probe  
  20  6:24  Probe  
  21  6:31  Shield Battery  
  21  6:37  Probe  
  22  6:49  Zealot  
  24  6:55  Probe (Chrono Boost)  
  25  7:05  Probe (Chrono Boost)  
  25  7:07  Probe (Chrono Boost)  
  27  7:15  Probe, Stargate  
  30  7:30  Probe (Chrono Boost)  
  31  7:37  Assimilator  
  31  7:40  Probe (Chrono Boost)  
  31  7:43  Assimilator  
  30  7:45  Probe (Chrono Boost)  
  31  7:53  Void Ray  
  31  7:55  Photon Cannon  
  31  7:56  Probe  
  31  7:57  Photon Cannon  
  36  8:08  Pylon, Probe  
  37  8:18  Photon Cannon  
  37  8:20  Probe  
  37  8:22  Pylon  
  37  8:27  Photon Cannon  
  31  8:43  Void Ray  
  30  8:54  Fleet Beacon  
  34  9:09  Photon Cannon  
  34  9:24  Photon Cannon  
  34  9:34  Gateway  
  34  9:40  Pylon  
  34  10:14  Nexus  
  36  11:04  Assimilator  
  36  11:16  Tempest (Chrono Boost)  
  41  11:52  Probe  
  42  12:04  Probe  
Show
View Real Time Build Order
Export as new Build Order

Magpie Terran - Winner!

Build Orders:  

Get SALT Encoding   

  12  0:00  SCV  
  13  0:12  SCV  
  14  0:21  Supply Depot  
  14  0:25  SCV  
  15  0:35  Refinery  
  15  0:42  SCV  
  16  0:50  Barracks  
  16  0:56  SCV  
  17  1:08  SCV  
  18  1:20  SCV  
  19  1:37  Barracks  
  19  1:46  Barracks  
  19  2:26  Marine  
  20  2:31  SCV  
  20  2:32  Factory  
  20  2:35  Marine  
  20  2:59  Marine x2  
  21  3:20  Marine x2  
  21  3:22  Factory Tech Lab  
  21  3:26  Orbital Command  
  23  3:38  Barracks  
  23  3:46  Engineering Bay  
  23  3:48  Refinery  
  23  3:55  Siege Tank  
  26  4:00  Supply Depot  
  26  4:05  Barracks Reactor x2  
  26  4:11  SCV  
  27  4:23  SCV  
  24  4:37  Barracks Reactor  
  23  4:59  Marine x4  
  27  5:01  Siege Tank  
  27  5:05  Terran Infantry Weapons Level 1  
  30  5:08  SCV  
  31  5:17  Marine x3  
  31  5:20  Command Center  
  33  5:48  Marine  
  33  5:49  Marine x3  
  37  6:02  Supply Depot x2  
  37  6:03  Marine x2  
  39  6:13  Siege Tank  
  38  6:29  Marine  
  38  6:30  Marine x4  
  43  7:05  Marine  
  43  7:06  Marine x5  
  49  7:10  Starport  
  49  7:23  Marine x4  
  53  7:39  Marine x2  
  53  7:41  Marine x4  
  59  7:48  Armory  
  59  7:52  Starport Reactor  
  59  8:15  Command Center  
  59  8:21  Marine x4  
  59  8:22  Marine  
  64  8:57  Marine, Barracks Tech Lab  
  64  8:58  Marine x3  
  64  9:01  Medivac  
  70  9:08  Supply Depot  
  70  9:26  Marine x2  
  70  9:30  Orbital Command  
  72  9:46  Terran Infantry Armor Level 1  
  72  9:49  Marine x5  
  77  10:09  Marine x5  
  82  10:26  Marine  
  82  10:42  Marine x4  
  86  10:44  Marine  
  87  10:59  Marine  
  87  11:00  Marine x3  
  87  11:36  Viking  
  87  11:37  Medivac  
  88  12:02  Marine  
  88  12:03  Marine x4  
Tags
 
Add a new tag
Caveats
  • Supply blocks, unpowered buildings, or Contaminate may cause inaccurate times.
  • Supply counts are checked every 10 seconds.